 Dungeon Crawl Stone Soup version 0.31.0-1-g2c135a0 (webtiles) character file.

Game seed: 1131069269738257437

15 jagoly the Conjurer (level 2, -2/18 HPs)
             Began as an Octopode Conjurer on Jan 24, 2024.
             Slain by Sigmund
             ... wielding a +0 scythe
              (13 damage)
             ... on level 2 of the Dungeon.
             The game lasted 00:04:50 (252 turns).

jagoly the Conjurer (Octopode Conjurer)              Turns: 252, Time: 00:04:50

Health: -2/18      AC:  1    Str:  6    XL:     2   Next: 50%
Magic:  0/5        EV:  7    Int: 20    God:
Gold:   37         SH:  0    Dex: 10    Spells: 2/5 levels left

rFire   . . .        b - +0 dagger
rCold   . . .        (no shield)
rNeg    . . .        (helmet restricted)
rPois   .            (no amulet)
rElec   .            (no ring)
rCorr   .            (no ring)
SInv    .            (no ring)
Will    .....        (no ring)
Stlth   +++          (no ring)
HPRegen 0.23/turn    (no ring)
MPRegen 0.09/turn    (no ring)
                     (no ring)

%: no passive effects
@: held
A: almost no armour, amphibious, 8 rings, camouflage 1, gelatinous body 1,
(nimble swimmer 1), tentacles
a: no special abilities


You were on level 2 of the Dungeon.
You visited 1 branch of the dungeon, and saw 2 of its levels.

You collected 37 gold pieces.

Inventory:

Hand Weapons
 b - a +0 dagger (weapon)
 f - a +0 spear
Scrolls
 c - a scroll of identify {unknown}
Potions
 a - a potion of magic
 d - a potion of lignification {unknown}
 e - a potion of heal wounds {unknown}


   Skills:
 + Level 1.0 Fighting
 - Level 2.0 Dodging
 - Level 3.0 Stealth
 + Level 2.2 Spellcasting
 + Level 4.2 Conjurations


You had 2 spell levels left.
You knew the following spells:

 Your Spells              Type           Power      Damage    Failure   Level
a - Magic Dart            Conj           76%        1d6       2%          1
s - Searing Ray           Conj           38%        2d5       4%          2

Your spell library contained the following spells:

 Spells                   Type           Power      Damage    Failure   Level
 Fulminant Prism          Conj/Alch      5%         3d7       54%         4
 Iskenderun's Mystic Bla  Conj/Tloc      10%        2d4       54%         4


Dungeon Overview and Level Annotations

Branches:
Dungeon (2/15) Zot: 11747

Altars:

Annotations:
D:2 Sigmund


Innate Abilities, Weirdness & Mutations

You cannot wear most types of armour.
You are amphibious.
You can wear up to eight rings at the same time.
Your skin changes colour to match your surroundings (Stealth+).
Your rubbery body absorbs attacks. (AC +1, EV +1)
((You are camouflaged when in or above water. (Stealth+)))
You have tentacles for arms and can constrict up to eight enemies at once.


Message History

Welcome, jagoly the Octopode Conjurer.
It's a long way down to the Orb of Zot, but that shouldn't be any trouble.
Press ? for a list of commands and other information.
Found a staircase leading out of the dungeon.
You open the door.
There is an open door here.
You open the door.
A quokka comes into view.
A goblin comes into view. It is wielding a +0 dagger.
There is an open door here.
You completely miss the quokka. You grab the quokka. You constrict the quokka.
The quokka barely misses you. The quokka closely misses you.
You tentacle-slap the quokka. Your squeeze misses the quokka.
The quokka is severely wounded.
You constrict the quokka. The quokka barely misses you.
You tentacle-slap the quokka but do no damage.
The quokka is almost dead.
You constrict the quokka, but do no damage.
The quokka barely misses you.
You tentacle-slap the quokka but do no damage.
The quokka is almost dead.
You constrict the quokka.
You kill the quokka!
A goblin is nearby!
Cast which spell? (? or * to list)
Aiming: Magic Dart (safe; 3% risk of failure)
Press: ? - help, Shift-Dir - straight line, f - goblin
Aim: a goblin, wielding a +0 dagger (100% to hit)
The magic dart hits the goblin.
You kill the goblin!
A rat comes into view.
Things that are here:
a +0 dagger; a goblin corpse A rat is nearby!
b - a +0 dagger (weapon)
The rat squeaks loudly.
A rat is nearby!
Found 15 gold pieces.
An endoplasm comes into view.
You hit the rat but do no damage. Your grab misses the rat.
You squeeze the rat, but do no damage. The rat closely misses you.
You hit the rat.
You kill the rat!
You see here a rat corpse.
You hit the endoplasm. You squeeze the endoplasm.
You kill the endoplasm!
No target in view!
No target in view!
Found a scroll labelled WIUPLESSIW.
Found a falchion.
You now have 15 gold pieces.
c - a scroll labelled WIUPLESSIW You see here a +0 falchion.
You open the door.
A hobgoblin and a quokka come into view.
There are monsters nearby!
There is an open door here.
Cast which spell? (? or * to list)
Aiming: Magic Dart (safe; 3% risk of failure)
Press: ? - help, Shift-Dir - straight line, f - hobgoblin
Aim: a hobgoblin (100% to hit)
The magic dart hits the hobgoblin but does no damage.
You hit the hobgoblin but do no damage. Your grab misses the hobgoblin.
The hobgoblin hits you.
You hit the hobgoblin but do no damage. Your grab misses the hobgoblin.
The hobgoblin completely misses you.
You hit the hobgoblin. Your grab misses the hobgoblin.
You squeeze the hobgoblin.
You kill the hobgoblin!
Training target 3.0 for Stealth reached!
Your Stealth skill increases to level 3!
Cast which spell? (? or * to list)
Aiming: Magic Dart (safe; 3% risk of failure)
Press: ? - help, Shift-Dir - straight line, f - quokka
Aim: a quokka (100% to hit)
You miscast Magic Dart.
You are very lightly contaminated with residual magic.
Nothing appears to happen.
Cast which spell? (? or * to list)
You don't know that spell.
Unknown command.
Cast which spell? (? or * to list)
Aiming: Magic Dart (safe; 3% risk of failure)
Press: ? - help, Shift-Dir - straight line, f/p - quokka
Aim: a quokka (100% to hit)
The magic dart hits the quokka.
The quokka is severely wounded.
The quokka bites you.
* * * LOW HITPOINT WARNING * * *
You see here a hobgoblin corpse.
You are too injured to fight recklessly!
Hit: b) +0 dagger
Press: ? - help, Dir - move target, f/p - quokka
Aim: a quokka (severely wounded, about 50% to evade your +0 dagger)
You hit the quokka.
You kill the quokka!
You have reached level 2!
You see here a quokka corpse.
Unknown command.
A giant cockroach comes into view.
Your magical contamination has completely faded away.
You hit the giant cockroach but do no damage.
You grab the giant cockroach.
Your squeeze misses the giant cockroach.
You constrict the giant cockroach. The giant cockroach bites you.
* * * LOW HITPOINT WARNING * * *
You are too injured to fight recklessly!
Hit: b) +0 dagger
Press: ? - help, Dir - move target, f - giant cockroach
Aim: a giant cockroach (lightly wounded, constricted by you, about 14% to evade your +0 dagger)
You barely miss the giant cockroach.
The giant cockroach is lightly wounded.
You constrict the giant cockroach, but do no damage.
The giant cockroach bites you.
* * * LOW HITPOINT WARNING * * *
Hit: b) +0 dagger
Press: ? - help, Dir - move target, f/p - giant cockroach
Aim: a giant cockroach (lightly wounded, constricted by you, about 14% to evade your +0 dagger)
You hit the giant cockroach.
The giant cockroach is heavily wounded.
You constrict the giant cockroach, but do no damage.
The giant cockroach bites you.
* * * LOW HITPOINT WARNING * * *
Hit: b) +0 dagger
Press: ? - help, Dir - move target, f/p - giant cockroach
Aim: a giant cockroach (heavily wounded, constricted by you, about 14% to evade your +0 dagger)
You hit the giant cockroach.
You kill the giant cockroach!
You see here a giant cockroach corpse.
You open the door.
There is an open door here.
You open the door.
Found 16 gold pieces.
Found a bubbling yellow potion.
There is an open door here.
Found 6 stones.
d - a bubbling yellow potion You now have 31 gold pieces (gained 16).
Magic restored.
Magic restored.
HP restored.
HP restored.
A bat comes into view.
A bat is nearby!
Found a red potion.
The bat barely misses you. The bat hits you. The bat closely misses you.
You hit the bat.
You kill the bat!
No target in view!
No target in view!
e - a red potion
Found a spear.
You see here a +0 spear.
f - a +0 spear A rat comes into view.
A rat is nearby!
A rat is nearby!
Found 6 gold pieces.
Found a stone staircase leading down.
The rat squeaks loudly.
A quokka comes into view.
The rat bites you but does no damage.
You barely miss the rat. You grab the rat. You constrict the rat.
The rat bites you.
You release your grip on the rat.
The rat attacks as it pursues you! The rat bites you.
The quokka attacks as it pursues you! The quokka bites you.
The rat attacks as it pursues you! The rat barely misses you.
You hit the rat.
You kill the rat!
You hit the quokka. You grab the quokka.
You squeeze the quokka, but do no damage.
The quokka is moderately wounded.
You constrict the quokka. The quokka bites you.
You hit the quokka.
You kill the quokka!
No target in view!
No target in view!
You see here a rat corpse.
You now have 37 gold pieces (gained 6).
A bat comes into view.
The bat misses you.
You hit the bat.
You kill the bat!
No target in view!
There is a stone staircase leading down here.
You climb downwards.
There is a stone staircase leading up here.
You start memorising the spell.
You continue memorising. x2
You finish memorising.
Spell assigned to 'b'.
Adjust (i)tems, (s)pells, or (a)bilities?
Adjust which spell? b - Searing Ray Adjust to which letter? s - Searing Ray HP restored.
HP restored.
A hobgoblin comes into view.
The hobgoblin shouts!
The hobgoblin barely misses you.
You hit the hobgoblin but do no damage. You grab the hobgoblin.
You constrict the hobgoblin. The hobgoblin completely misses you.
You hit the hobgoblin but do no damage.
The hobgoblin is lightly wounded.
You constrict the hobgoblin, but do no damage.
The hobgoblin hits you.
You hit the hobgoblin.
The hobgoblin is moderately wounded.
You constrict the hobgoblin. The hobgoblin completely misses you.
You hit the hobgoblin.
You kill the hobgoblin!
No target in view!
Found a whip.
A bat comes into view.
The helpless bat fails to defend itself.
You puncture the bat!
You kill the bat!
Your Fighting skill increases to level 1!
Found 14 gold pieces.
Found a stone staircase leading down.
Found a whip.
Sigmund the Dreaded comes into view.
He is wielding a +0 scythe.
A ribbon worm comes into view.
The ribbon worm expels a string of sticky webbing.
The stream of webbing hits you but does no damage.
You are caught in a web!
Sigmund barely misses you.
There is a web here.
You see here a +0 whip.
The web tears apart.
You have nothing you can fire or use right now.
Cast which spell? (? or * to list)
Aiming: Searing Ray (safe; 4% risk of failure)
Press: ? - help, Shift-Dir - straight line, f - Sigmund
Aim: Sigmund, wielding a +0 scythe and wearing a +0 robe (75% to hit)
The searing ray hits Sigmund.
Sigmund is moderately wounded. (Press . to maintain the ray.) Sigmund closely misses you.
The ribbon worm expels a string of sticky webbing.
The stream of webbing hits you but does no damage.
You are caught in a web!
The searing ray hits Sigmund.
Sigmund is heavily wounded.
Sigmund hits you from afar with a +0 scythe!
The searing ray misses Sigmund.
The searing ray hits Sigmund!
Sigmund is severely wounded.
You finish channelling your searing ray.
Sigmund gestures wildly while chanting.
Sigmund flickers and vanishes!
Deactivating autopickup; reactivate with Ctrl-A.
You struggle to detach yourself from the web.
Something hits you!
Ouch! That really hurt!
You die...

#.........
#.........
#......... ..
#......... .
#......... ####.
#....... .....
#w#$.#
#.{##....##
#...@....>#
#.##.....##
######.##.....#
#.......#.....##
#..............#
#.......#......#
#.......#......#
#.......#......#
#.......#......##


You could see a ribbon worm (catching breath).

Vanquished Creatures
  An endoplasm (D:1)
  A giant cockroach (D:1)
  A goblin (D:1)
  2 hobgoblins
  3 quokkas (D:1)
  3 bats
  2 rats (D:1)
13 creatures vanquished.

Notes
Turn   | Place    | Note
-------+----------+-------------------------------------------
     0 | D:1      | jagoly the Octopode Conjurer began the quest for the Orb.
     0 | D:1      | Reached XP level 1. HP: 11/11 MP: 3/3
    87 | D:1      | Reached XP level 2. HP: 8/18 MP: 0/5
   202 | D:2      | Learned a level 2 spell: Searing Ray
   237 | D:2      | Reached skill level 1 in Fighting
   241 | D:2      | Noticed Sigmund
   252 | D:2      | Slain by Sigmund

Illustrated notes

Levels and vault maps discovered:
D:1:      elethiomel_arrival_infinity_welcomes_careful_drivers,
          layout_loops_ring
D:2:      layout_basic, minmay_divided_ellipse, uniq_sigmund, uniq_jessica

Skill      XL: |  1  2 |
---------------+-------+-----
Stealth        | 3 |  3.0
Fighting       | 1 |  1.0
Dodging        | |  2.0
Spellcasting   | |  2.2
Conjurations   | |  4.2

Action                     || total
---------------------------++-------
  Melee: Dagger            ||    22
         Unarmed           ||     4
         Tentacles         ||     4
         Constrict         ||     5
   Cast: Magic Dart        ||     3
         Searing Ray       ||     1
   Stab: Sleeping          ||     1
 Armour: Skin              ||    14
  Dodge: Dodged            ||    15
